 Dungeon Crawl Stone Soup version 0.28.0-49-g6dfe1f597d (webtiles) character file.

Game seed: 12720521087550542449

84 Gabide the Poker (level 4, 0/35 HPs)
             Began as a Merfolk Monk on May 13, 2022.
             Succumbed to an adder's poison
             ... on level 1 of the Dungeon.
             The game lasted 00:01:55 (2183 turns).

Gabide the Poker (Merfolk Monk)                     Turns: 2183, Time: 00:01:56

Health: 0/35       AC:  3    Str: 13    XL:     4   Next: 45%
Magic:  4/4        EV: 13    Int:  9    God:
Gold:   51         SH:  0    Dex: 16    Spells: 3/3 levels left

rFire   . . .      SeeInvis .   a - +0 spear
rCold   . . .      Faith    .   (no shield)
rNeg    . . .      Spirit   .   b - +0 robe
rPois   .          Reflect  .   (no helmet)
rElec   .          Harm     .   (no cloak)
rCorr   .          Rampage  .   c - +0 pair of gloves
Will    .....                   (no boots)
Stlth   ++........              (no amulet)
HPRegen 0.11/turn               (no ring)
MPRegen 0.09/turn               (no ring)

@: lethally poisoned (0 -> -12), about to teleport
A: (nimble swimmer 2), mertail
a: no special abilities


You were on level 1 of the Dungeon.
You visited 1 branch of the dungeon, and saw 2 of its levels.

You collected 51 gold pieces.

Inventory:

Hand Weapons
 a - a +0 spear (weapon)
Armour
 b - a +0 robe (worn)
 c - a +0 pair of gloves (worn)
Scrolls
 d - a scroll of brand weapon {unknown}
 e - a scroll of teleportation
 f - a scroll of vulnerability {unknown}
 g - 4 scrolls of noise {unknown}
 h - a scroll of blinking {unknown}
 j - a scroll of identify {unknown}
 k - a scroll of amnesia {unknown}
 m - a scroll of fog {unknown}
 n - a scroll of fear {unknown}


   Skills:
 - Level 3.2 Fighting
 + Level 7.4 Polearms
 - Level 4.0 Dodging
 - Level 2.1 Stealth


You had 3 spell levels left.
You didn't know any spells.
Your spell library was empty.

Dungeon Overview and Level Annotations

Branches:
Dungeon (2/15)

Altars:


Innate Abilities, Weirdness & Mutations

((You are very nimble when in or above water. (Stealth+, EV+, Speed+++)))
Your lower body shifts to a powerful aquatic tail in water.


Message History

The kobold throws a stone.
The stone completely misses you.
Things that are here:
a hobgoblin corpse; an adder corpse
There is a stone staircase leading down here.
The adder bites you.
You are poisoned.
The adder poisons you!
You feel sick.
You feel sick. The adder bites you.
You feel sick. The adder misses you.
There is a stone staircase leading up, spattered with blood here.
You feel sick. The adder bites you.
You climb upwards.
You feel sick.
There is a stone staircase leading down here.
You aren't carrying any items that you can evoke.
It was a potion of curing.
You feel better. The adder closely misses you.
You miss the adder. The adder bites you but does no damage.
You closely miss the adder. The adder bites you.
You are poisoned.
The adder poisons you!
You hit the adder but do no damage.
You feel sick. The adder bites you but does no damage.
You closely miss the adder.
You feel sick. The adder misses you.
You closely miss the adder.
You feel sick. The adder barely misses you.
You hit the adder.
The adder is moderately wounded.
The adder bites you.
* * * LOW HITPOINT WARNING * * *
You are lethally poisoned!
The adder poisons you!
You hit the adder but do no damage.
The adder is moderately wounded.
* * * LOW HITPOINT WARNING * * *
You feel sick. The adder bites you.
* * * LOW HITPOINT WARNING * * *
You are more poisoned.
The adder poisons you!
As you read the scroll labelled BEIZA RUHA, it crumbles to dust.
You feel strangely unstable.
It was a scroll of teleportation.
You die...

.#######.......#
...............######
....................####
######.........####....###
###.#........######...##
###...(...........#......#
#...#....)...............######
##.###............##...........##
....##..........@.........>....#.
...............S.[.#.########..#.
...................####.♣####....
....###..###.#.....(.#.♣.♣..#....
.............#....##..##♣.♣#...#.
....###..#####..####.##♣..###....
##### ##.# #..####.# ♣..♣ #..## #
##.# ##..>##.###♣<♣ #..# # #..#
#.#.##...##♣# ##.##


You could see an adder.

Vanquished Creatures
  An orc wizard (D:2)
  2 adders (D:2)
  A dart slug (D:2)
  2 orcs
  3 ball pythons
  3 endoplasms
  5 giant cockroaches
  A goblin (D:1)
  4 hobgoblins
  2 jackals (D:1)
  A quokka (D:1)
  3 bats
  A frilled lizard (D:2)
  3 kobolds
  4 rats
36 creatures vanquished.

Notes
Turn   | Place    | Note
-------+----------+-------------------------------------------
     0 | D:1      | Gabide the Merfolk Monk began the quest for the Orb.
     0 | D:1      | Reached XP level 1. HP: 18/18 MP: 1/1
    97 | D:1      | Reached skill level 5 in Polearms
   109 | D:1      | Reached XP level 2. HP: 17/24 MP: 2/2
   668 | D:1      | Found a faded altar of an unknown god.
   798 | D:1      | Reached skill level 6 in Polearms
   798 | D:1      | Reached XP level 3. HP: 26/29 MP: 3/3
  1653 | D:2      | Reached skill level 7 in Polearms
  1653 | D:2      | Reached XP level 4. HP: 8/35 MP: 4/4
  2183 | D:1      | Succumbed to an adder's poison

Illustrated notes

Levels and vault maps discovered:
D:1:      pf_arrival_petrified_forest, layout_rooms,
          shapermc_ecumenical_altar_petra, minmay_misc_feat_doors,
          kennysheep_boxes
D:2:      layout_rooms, minmay_circle_x

Skill      XL: |  1  2  3 |
---------------+----------+-----
Polearms       | 5 6 7 |  7.4
Fighting       | |  3.2
Dodging        | |  4.0
Stealth        | |  2.1

Action                   |  1- 3 |  4- 6 || total
-------------------------+-------+-------++-------
Melee: Spear             |   160 |    22 ||   182
       Punch             |       |     1 ||     1
  Use: Potion            |     1 |     1 ||     2
       Scroll            |       |     1 ||     1
 Stab: Sleeping          |     8 |       ||     8
       Distracted        |     1 |       ||     1
Armor: Robe              |    18 |     2 ||    20
       Skin              |     3 |       ||     3
Dodge: Dodged            |    68 |    10 ||    78
